 Dungeon Crawl Stone Soup version 0.25.1-2-g60ff931df9 (webtiles) character file.

Game seed: 14237120810085197012

9409 hehateme the Protected (level 11, -6/97 HPs)
             Began as a Minotaur Abyssal Knight on Nov 10, 2020.
             Was an Elder of Lugonu.
             Mangled by a five-headed hydra (9 damage)
             ... on level 11 of the Dungeon on Nov 11, 2020.
             The game lasted 00:39:13 (16609 turns).

hehateme the Protected (Minotaur Abyssal Knight)   Turns: 16609, Time: 00:39:14

Health: -6/97      AC: 17    Str: 19    XL:     11   Next: 22%
Magic:  13/13      EV:  9    Int: 10    God:    Lugonu [****..]
Gold:   133        SH:  0    Dex: 10    Spells: 10/10 levels left

rFire    . . .     SeeInvis .   x - +3 mace
rCold    . . .     Gourm    .   (no shield)
rNeg     . . .     Faith    .   s - +0 chain mail
rPois    .         Spirit   .   (helmet restricted)
rElec    .         Reflect  .   (no cloak)
rCorr    .         Harm     .   g - +0 pair of gloves
MR       .....                  (no boots)
Stlth    ..........             (no amulet)
HPRegen  0.26/turn              D - +4 ring of protection
MPRegen  0.13/turn              K - ring of wizardry

@: no status effects
A: retaliatory headbutt, horns 2
a: Depart the Abyss, Bend Space, Banish, Corrupt, Renounce Religion


You were on level 11 of the Dungeon.
You worshipped Lugonu.
Lugonu was greatly pleased with you.
You were not hungry.

You visited 1 branch of the dungeon, and saw 11 of its levels.
You visited the Abyss 2 times.

You collected 565 gold pieces.
You spent 432 gold pieces at shops.

Inventory:

Hand Weapons
 a - a +1 hand axe
 p - a +0 war axe
 t - a cursed -2 club
 x - a +3 mace (weapon)
 z - a +2 quarterstaff of distortion
Armour
 b - a +0 leather armour
 g - a +0 pair of gloves (worn)
 s - a +0 chain mail (worn)
 y - +0 swamp dragon scales
Jewellery
 D - a +4 ring of protection (left hand)
 K - a ring of wizardry (right hand)
 L - the ring of Voenulod {+Blink +Fly rPois MR+ Int-4}
   (You bought it in a shop on level 10 of the Dungeon)

   [ring of poison resistance]

   It affects your intelligence (-4).
   It protects you from poison.
   It affects your resistance to hostile enchantments.
   It lets you fly.
   It lets you blink.
Wands
 h - a wand of clouds (11)
 u - a wand of random effects (18)
 F - a wand of enslavement (12)
 H - a wand of iceblast (6)
Scrolls
 e - 2 scrolls of teleportation
 f - 3 scrolls of blinking
 i - 3 scrolls of remove curse
 l - a scroll of immolation {unknown}
 q - 8 scrolls of identify
 A - a scroll of enchant weapon {unknown}
 C - 4 scrolls of magic mapping {unknown}
 I - a scroll of enchant armour {unknown}
Potions
 d - 2 potions of heal wounds
 j - a potion of stabbing
 k - a potion of mutation {unknown}
 m - a potion of resistance {unknown}
 n - 2 potions of lignification {unknown}
 o - a potion of ambrosia {unknown}
 v - 2 potions of invisibility {unknown}
 w - a potion of berserk rage {unknown}
 B - 2 potions of flight {unknown}
 E - a potion of magic {unknown}
 G - a potion of brilliance {unknown}
 J - 2 potions of degeneration {unknown}
Comestibles
 c - 11 rations


   Skills:
 + Level 9.5 Fighting
 + Level 9.7(10.8) Axes
   Level 7.6(10.8) Polearms
 + Level 7.3(8.9) Staves
 + Level 10.8 Armour
 + Level 3.8 Dodging
 + Level 1.6 Stealth
 * Level 4.7 Invocations


You had 10 spell levels left.
You didn't know any spells.
Your spell library contained the following spells:

 Spells                   Type           Power        Failure   Level  Hunger
 Corona                   Hex            #......      69%         1    ##.....
 Magic Dart               Conj           #...         69%         1    ##.....
 Blink                    Tloc           N/A          82%         2    ###....
 Call Imp                 Summ           #.......     82%         2    ###....
 Ensorcelled Hibernation  Hex/Ice        #.....       82%         2    ###....
 Slow                     Hex            #.......     82%         2    ###....
 Confusing Touch          Hex            #.......     96%         3    ####...
 Conjure Flame            Conj/Fire      #.......     96%         3    ####...
 Dazzling Flash           Conj/Hex       #.....       96%         3    ####...
 Gell's Gravitas          Tloc           #.........   96%         3    ####...
 Inner Flame              Hex/Fire       #.......     96%         3    ####...
 Mephitic Cloud           Conj/Pois/Air  #.......     96%         3    ####...
 Portal Projectile        Hex/Tloc       #.....       96%         3    ####...
 Tukima's Dance           Hex            #.......     96%         3    ####...
 Cause Fear               Hex            #.........   100%        4    #####..
 Leda's Liquefaction      Hex/Erth       #.........   100%        4    #####..
 Petrify                  Tmut/Erth      #.......     100%        4    #####..
 Metabolic Englaciation   Hex/Ice        #.........   100%        5    ######.
 Yara's Violent Unravell  Hex/Tmut       #.........   100%        5    ######.


Dungeon Overview and Level Annotations

Branches:
Dungeon (11/15)            Temple (0/1) D:5            Lair (0/6) D:8
    Orc: D:9-12

Altars:
Cheibriados
Elyvilon
Gozag
Hepliaklqana
Kikubaaqudgha
Makhleb
Qazlal
Ru
Sif Muna
Trog
Uskayaw
Vehumet
Yredelemnul
Zin

Shops:
D:10 =

Annotations:
D:2 Sigmund
D:3 exclusion: downstairs
D:4 Grinder
D:5 exclusion: upstairs
D:7 corrupted
D:10 0gre's ghost, journeyman GrIE; SSird's ghost, novice BaSu; hawla's ghost, novice DrVM; hehateme's ghost, journeyman MiBe
Abyss:1 Harold, Maurice, Terence


Innate Abilities, Weirdness & Mutations

You reflexively headbutt those who attack you in melee.
You have a pair of horns on your head.


Message History

* * * LOW HITPOINT WARNING * * *
The five-headed hydra bites you.
* * * LOW HITPOINT WARNING * * *
The necrophage hits you.
* * * LOW HITPOINT WARNING * * *
You thump the five-headed hydra!
The five-headed hydra is heavily wounded.
The five-headed hydra bites you.
* * * LOW HITPOINT WARNING * * *
The five-headed hydra bites you.
* * * LOW HITPOINT WARNING * * *
The five-headed hydra bites you but does no damage. x2
The five-headed hydra bites you!
* * * LOW HITPOINT WARNING * * *
The necrophage hits you.
* * * LOW HITPOINT WARNING * * *
You sock the five-headed hydra!
The five-headed hydra is heavily wounded.
The five-headed hydra bites you!
You die...

..........
#........#
#........# .
#........#
..##........##.
...............
......n........
.......@.......
.......D.######
..#####..# ...#
...# ....#
....# .....#


You could see a five-headed hydra and a necrophage.

Vanquished Creatures
  An unseen horror (D:10)
  Pikel (D:4)
  Joseph (D:7)
  Maggie (D:6)
  A troll (D:8)
  2 hippogriffs
  A shadow (D:10)
  A wyvern (D:9)
  4 yaks (D:11)
  3 vampire mosquitoes
  Eustachio (D:6)
  3 orc warriors
  5 phantoms
  A sky beast (D:10)
  3 ice beasts
  3 slaves (D:4)
  3 wolves (D:8)
  3 ogres
  A crocodile (D:10)
  A big kobold (D:9)
  2 bullfrogs (D:10)
  A water moccasin skeleton (D:5)
  3 scorpions
  7 killer bees
  8 wights
  4 howler monkeys
  2 bullfrog zombies
  3 crimson imps
  12 hounds
  2 jellies
  3 orc priests
  A centaur zombie (D:7)
  3 iguanas (D:6)
  7 worker ants
  9 orc wizards
  Robin (D:4)
  A howler monkey skeleton (D:5)
  A worker ant zombie (D:8)
  8 adders
  4 gnolls (D:4)
  2 shadow imps
  An ooze (D:4)
  An adder skeleton (D:8)
  6 worms
  2 dart slugs (D:1)
  4 leopard geckos
  33 orcs
  A bat skeleton (D:2)
  A bat zombie (D:2)
  6 giant cockroaches
  14 goblins
  14 hobgoblins
  11 jackals
  3 quokkas
  5 ball pythons
  11 bats
  5 frilled lizards
  A giant cockroach zombie (D:2)
  A jackal zombie (D:2)
  14 kobolds
  2 quokka zombies
  9 rats
269 creatures vanquished.

Vanquished Creatures (others)
  A hornet (D:10)
  Prince Ribbit (D:7)
  2 yaks (D:11)
  An orc warrior (D:8)
  A human (D:4)
  A wolf (D:8)
  A centaur (D:8)
  2 killer bees (D:10)
  2 howler monkeys
  A jelly (D:9)
  A bullfrog skeleton (D:8)
  A hound zombie (D:7)
  An orc (D:7)
  A giant cockroach (D:4)
  A quokka (D:6)
18 creatures vanquished.

Grand Total: 287 creatures vanquished

Notes
Turn   | Place    | Note
-------+----------+-------------------------------------------
     0 | Abyss:1  | hehateme the Minotaur Abyssal Knight began the quest for
                  | the Orb.
     0 | Abyss:1  | Reached XP level 1. HP: 19/19 MP: 1/1
     1 | D:1      | Escaped the Abyss
   616 | D:1      | Reached XP level 2. HP: 20/27 MP: 2/2
   792 | D:1      | Reached * piety under Lugonu
  1426 | D:1      | Reached skill level 3 in Armour
  1519 | D:1      | Reached XP level 3. HP: 33/33 MP: 3/3
  1729 | D:2      | Noticed Sigmund
  2202 | D:1      | Reached ** piety under Lugonu
  2202 | D:1      | Reached XP level 4. HP: 28/41 MP: 4/4
  3368 | D:3      | Found a faded altar of an unknown god.
  3935 | D:3      | Reached skill level 1 in Stealth
  3935 | D:3      | Reached XP level 5. HP: 46/47 MP: 5/5
  4722 | D:3      | Reached *** piety under Lugonu
  5021 | D:3      | Noticed Terence
  5028 | D:3      | Banished Terence
  5228 | D:3      | Reached skill level 5 in Fighting
  5228 | D:3      | Reached skill level 5 in Axes
  5634 | D:4      | Reached XP level 6. HP: 55/56 MP: 6/6
  5668 | D:4      | Noticed Grinder
  6605 | D:4      | Reached skill level 4 in Armour
  6704 | D:4      | Noticed Robin
  6750 | D:4      | Killed Robin
  6990 | D:4      | Reached XP level 7. HP: 58/61 MP: 7/7
  7538 | D:4      | Reached skill level 5 in Armour
  7647 | D:4      | Noticed Pikel
  7680 | D:4      | Killed Pikel
  7680 | D:4      | Reached skill level 6 in Armour
  7680 | D:4      | Reached XP level 8. HP: 45/71 MP: 8/8
  8197 | D:4      | Found an ancient bone altar of Kikubaaqudgha.
  8275 | D:5      | Entered Level 5 of the Dungeon
  8285 | D:5      | Found a white marble altar of Elyvilon.
  8504 | D:5      | Found a burning altar of Makhleb.
  8507 | D:5      | Found a shimmering blue altar of Sif Muna.
  8510 | D:5      | Found a snail-covered altar of Cheibriados.
  8513 | D:5      | Found a radiant altar of Vehumet.
  8751 | D:5      | Found a staircase to the Ecumenical Temple.
  8848 | D:5      | Reached skill level 7 in Armour
  8859 | D:5      | Found a sacrificial altar of Ru.
  8962 | D:6      | Noticed Maggie
  8975 | D:6      | Killed Maggie
  8980 | D:6      | Reached XP level 9. HP: 35/79 MP: 9/9
  9180 | D:6      | Found an opulent altar of Gozag.
  9648 | D:6      | Found a bloodstained altar of Trog.
  9654 | D:6      | Reached skill level 1 in Polearms
  9874 | D:6      | Reached skill level 8 in Armour
  9905 | D:6      | Reached **** piety under Lugonu
 10416 | D:6      | Noticed Eustachio
 10428 | D:6      | Killed Eustachio
 10669 | D:7      | Noticed Prince Ribbit
 10670 | D:7      | Corrupted D:7
 10670 | D:7      | Noticed a polar bear
 10670 | D:7      | a shapeshifter changed into a polar bear
 10670 | D:7      | Noticed a tentacled starspawn
 10670 | D:7      | Noticed an orange demon
 10670 | D:7      | Noticed a thrashing horror
 10671 | D:7      | Noticed a hellwing
 10671 | D:7      | Noticed a glowing orange brain
 10672 | D:7      | Killed Prince Ribbit
 10677 | D:7      | Noticed a smoke demon
 10679 | D:7      | Noticed an orange demon
 10685 | D:7      | Noticed a bone dragon
 10708 | D:7      | Noticed an efreet
 10842 | D:7      | Noticed Harold
 11092 | D:7      | Reached skill level 5 in Polearms
 11210 | D:7      | Noticed Joseph
 11270 | D:7      | Cast into level 2 of the Abyss (Joseph)
 11271 | D:7      | Escaped the Abyss
 11274 | D:7      | Killed Joseph
 11304 | D:7      | Banished Harold
 11304 | D:7      | Reached XP level 10. HP: 36/90 MP: 9/11
 11912 | D:8      | Found a hazy altar of Hepliaklqana.
 11985 | D:8      | Reached skill level 1 in Staves
 11995 | D:8      | Reached skill level 9 in Armour
 12469 | D:8      | Found an ancient bone altar of Kikubaaqudgha.
 12475 | D:8      | Found a stormy altar of Qazlal.
 12547 | D:8      | Noticed Maurice
 12561 | D:8      | Banished Maurice
 12732 | D:8      | Found a glowing silver altar of Zin.
 12928 | D:8      | Found a staircase to the Lair.
 13004 | D:8      | Found a basalt altar of Yredelemnul.
 13412 | D:9      | Found a hide-covered altar of Uskayaw.
 13666 | D:10     | Entered Level 10 of the Dungeon
 13705 | D:10     | Reached skill level 5 in Staves
 14225 | D:10     | Reached skill level 10 in Armour
 14558 | D:10     | Killed an unseen horror
 14817 | D:10     | Found a runed translucent gate.
 14817 | D:10     | Found a runed translucent gate.
 14817 | D:10     | Found a runed translucent gate.
 14817 | D:10     | Noticed hawla's ghost (novice DrVM)
 14818 | D:10     | Noticed 0gre's ghost (journeyman GrIE)
 14818 | D:10     | Noticed SSird's ghost (novice BaSu)
 14818 | D:10     | Noticed hehateme's ghost (journeyman MiBe)
 14948 | D:10     | Found Olonivve's Jewellery Emporium.
 14965 | D:10     | Bought the ring of Voenulod {+Blink +Fly rPois MR+ Int-4}
                  | for 432 gold pieces
 15071 | D:11     | Reached XP level 11. HP: 73/97 MP: 12/12
 16252 | D:10     | Paralysed by a hornet for 2 turns
 16262 | D:10     | HP: 3/97 [0gre's ghost (5)]
 16543 | D:11     | Noticed a five-headed hydra
 16608 | D:11     | HP: 3/97 [necrophage (4)]
 16609 | D:11     | Mangled by a five-headed hydra

Illustrated notes

Levels and vault maps discovered:
D:1:      minmay_arrival_open_corners, layout_basic, st_stairs_5
D:2:      layout_basic, serial_undead, serial_undead_b, serial_undead_b,
          serial_undead_d, serial_undead_b, uniq_sigmund
D:3:      layout_basic, first_ration, chequers_ecumenical_altar_simple,
          uniq_terence
D:4:      layout_loops_ring, tgw_kikubaaqudgha, uniq_pikel, uniq_robin,
          uniq_grinder
D:5:      layout_rooms, overflow_temple_1_default, marbit_many_paths,
          grunt_temple_overflow_cloverleaf, minmay_temple_entry_glassed_door,
          serial_bayou_pond_e
D:6:      layout_basic, grunt_gozag_breadcrumbs, trog_butcher_becter,
          uniq_eustachio, uniq_maggie
D:7:      layout_loops_ring, uniq_harold, uniq_prince_ribbit1, uniq_joseph
D:8:      layout_layer_cave, lemuel_crystal_altar,
          nicolae_overflow_quartered_altars, erik_lair_island, uniq_maurice
D:9:      layout_rooms, eat_drink_and_be_merry_uskayaw
D:10:     layout_basic, serial_shops, nicolae_shop_waterfront,
          gammafunk_ghost_cemetery
D:11:     layout_stronghold, grunt_tengu_nest, hangedman_tell_no_tales

Skill      XL: |  1  2  3  4  5  6  7  8  9 10 11 |
---------------+----------------------------------+-----
Fighting       | 4 5 6 7 8 9 |  9.5
Axes           | 3 4 5 6 8 9 |  9.7
Armour         | 3 4 6 7 8 10 | 10.8
Invocations    | 2 3 4 |  4.7
Stealth        | 1 |  1.6
Dodging        | 2 3 |  3.8
Polearms       | 7 |  7.6
Staves         | 6 7 |  7.3

Action                   |  1- 3 |  4- 6 |  7- 9 | 10-12 || total
-------------------------+-------+-------+-------+-------++-------
Melee: Hand axe          |    93 |   101 |       |       ||   194
       Headbutt          |    12 |    29 |    43 |    25 ||   109
       War axe           |       |   123 |   189 |       ||   312
       Halberd           |       |       |   135 |       ||   135
       Quarterstaff      |       |       |     6 |   258 ||   264
       Mace              |       |       |       |     9 ||     9
Invok: Depart the Abyss  |     1 |       |     1 |       ||     2
       Bend Space        |       |     1 |       |     2 ||     3
       Banish            |       |     2 |       |       ||     2
       Corrupt           |       |       |     1 |       ||     1
  Use: Scroll            |       |     4 |     5 |     3 ||    12
       Potion            |       |     1 |     1 |     8 ||    10
 Stab: Distracted        |       |     1 |       |       ||     1
  Eat: Chunk             |     4 |    12 |    11 |     5 ||    32
       Ration            |       |     1 |     1 |     4 ||     6
Armor: Leather armour    |    35 |    41 |       |       ||    76
       Chain mail        |       |    49 |   138 |   249 ||   436
Dodge: Dodged            |    66 |   103 |   120 |   167 ||   456
